 Dungeon Crawl Stone Soup version 0.21.1-1-g345015fe64 (webtiles) character file.

485 Eurus the Gusty (level 7, -14/36 HPs)
             Began as a Tengu Air Elementalist on July 3, 2018.
             Was a Believer of Qazlal.
             Demolished by Prince Ribbit (15 damage)
             ... on level 5 of the Dungeon.
             The game lasted 00:28:49 (6836 turns).

Eurus the Gusty (Tengu Air Elementalist)            Turns: 6836, Time: 00:28:50

Health: -14/36     AC:  4    Str:  8    XL:     7   Next: 13%
Magic:  13/13      EV: 14    Int: 16    God:    Qazlal [**....]
Gold:   160        SH:  2    Dex: 16    Spells: 3/13 levels left

rFire    . . .     SeeInvis .   h - +2 rapier (flame)
rCold    . . .     Gourm    .   (no shield)
rNeg     . . .     Faith    .   a - +0 robe
rPois    +         Spirit   .   (helmet restricted)
rElec    .         Reflect  .   r - +1 cloak
rCorr    .         Harm     .   (no gloves)
MR       .....                  (boots unavailable)
Stlth    ++........             (no amulet)
HPRegen  0.12/turn              j - ring of poison resistance
MPRegen  0.13/turn              l - ring of flight

@: sluggish, very slow
A: beak, talons 3, able to fly 1
a: Fly, Upheaval, Renounce Religion, Evoke Flight


You were on level 5 of the Dungeon.
You worshipped Qazlal.
Qazlal was pleased with you.
You were not hungry.

You visited 1 branch of the dungeon, and saw 8 of its levels.
You also visited: Sewer.

You collected 250 gold pieces.
You spent 90 gold pieces at shops.

Inventory:

Hand Weapons
 d - a +0 dagger
 h - a +2 rapier of flaming (weapon)
Armour
 a - a +0 robe (worn)
 r - a +1 cloak (worn)
Jewellery
 j - a ring of poison resistance (left hand)
 l - a ring of flight (right hand)
Wands
 t - a wand of random effects (20)
 v - a wand of digging (9)
Scrolls
 g - a scroll of teleportation
 i - 2 scrolls of amnesia
 k - a scroll of identify
 n - a scroll of remove curse
 p - a scroll of fog
 F - 2 scrolls of magic mapping
Potions
 e - a potion of haste {unknown}
 f - 2 potions of mutation
 m - 5 potions of curing
 o - 3 potions of flight
 s - a potion of invisibility {unknown}
 u - 5 potions of heal wounds
 w - 2 potions of magic {unknown}
 x - a potion of might {unknown}
 z - 2 potions of agility
 A - a potion of brilliance {unknown}
 B - a potion of berserk rage {unknown}
 D - 2 potions of lignification {unknown}
Books
 b - a book of Air

   Spells                             Type                      Level
   a - Shock                          Conjuration/Air              1
   b - Swiftness                      Charms/Air                   2
   c - Static Discharge               Conjuration/Air              3
   d - Airstrike                      Air                          4
   e - Lightning Bolt                 Conjuration/Air              5
Comestibles
 c - 7 rations


   Skills:
 + Level 4.2 Dodging
 - Level 2.0 Stealth
 + Level 3.6 Spellcasting
 + Level 4.5 Conjurations
 + Level 6.1 Air Magic
 + Level 1.6 Invocations


You had 3 spell levels left.
You knew the following spells:

 Your Spells              Type           Power        Failure   Level  Hunger
a - Shock                 Conj/Air       ###.         1%          1    None
b - Static Discharge      Conj/Air       ###.....     6%          3    ###....
c - Swiftness             Chrm/Air       ##......     8%          2    ##.....
d - Airstrike             Air            ###.......   14%         4    ####...


Dungeon Overview and Level Annotations

Branches:
Dungeon (8/15)             Temple (0/1) D:4
   Lair: D:8-11

Altars:
Cheibriados
Elyvilon
Fedhas
Gozag
Nemelex Xobeh
Okawaru
Qazlal
Uskayaw
Wu Jian
Yredelemnul
Zin

Annotations:
D:4 Sigmund
D:5 Prince Ribbit


Innate Abilities, Weirdness & Mutations

You have a beak for a mouth.
You have claws for feet.
You can fly.


Message History

Prince Ribbit completely misses you. Prince Ribbit hits you.
You climb upwards.
There is a stone staircase leading down here.
Prince Ribbit hits you! You block Prince Ribbit's attack.
Casting: Shock
Confirm with . or Enter, or press ? or * to list all spells.
You feel quick. Prince Ribbit hits you!
* * * LOW HITPOINT WARNING * * *
Prince Ribbit sighs, "It's not easy being green!"
Prince Ribbit blinks!
You start to feel a little slower.
You feel sluggish.
Prince Ribbit sighs, "It's not easy being green!"
Prince Ribbit blinks!
You start to feel a little faster.
Prince Ribbit hits you!
* * * LOW HITPOINT WARNING * * *
Prince Ribbit hits you!
You die...

#.##### #(# #§§§§§§#.#
#.....#####'## ########.#
#.###........# #.# #
#.######.....# #.. #
#............############
###
###########.#####.........#
.# #...# #.........#
.############)###.........#
...............F@...>.....#
..########.#..§##.........#
#.## #.#.).##.........#
#..# #.#...##.........#
##.# #.#..............# #.#
#.###........##### #.## #.#
#........# #..# #.#
#........# ##.## #.#
#........#


You could see Prince Ribbit.

Vanquished Creatures
  An ogre (D:5)
  A bullfrog zombie (D:5)
  2 hounds (D:4)
  An iguana (D:5)
  3 gnolls (D:5)
  9 adders
  4 river rats (Sewer)
  A shadow imp (D:5)
  4 worms (D:2)
  A dart slug (D:1)
  A leopard gecko (D:4)
  4 orcs
  8 ball pythons
  6 giant cockroaches
  3 hobgoblins (D:1)
  2 jackals (D:5)
  25 kobolds
  2 quokkas
  8 bats
  11 frilled lizards
  8 goblins
  25 rats
130 creatures vanquished.

Vanquished Creatures (others)
  3 fungi (D:5)
3 creatures vanquished.

Grand Total: 133 creatures vanquished

Notes
Turn   | Place    | Note
-------+----------+-------------------------------------------
     0 | D:1      | Eurus the Tengu Air Elementalist began the quest for the Orb.
     0 | D:1      | Reached XP level 1. HP: 10/10 MP: 4/4
   330 | D:1      | Reached XP level 2. HP: 15/15 MP: 0/6
   685 | D:1      | Reached XP level 3. HP: 19/19 MP: 5/7
   950 | D:2      | Learned a level 3 spell: Static Discharge
   953 | D:2      | Learned a level 2 spell: Swiftness
  1043 | D:2      | Found a stormy altar of Qazlal.
  1046 | D:2      | Noticed an air elemental
  1047 | D:2      | Noticed a water elemental
  1047 | D:2      | Noticed a fire elemental
  1047 | D:2      | Noticed an earth elemental
  1054 | D:2      | Became a worshipper of Qazlal Stormbringer
  1219 | D:2      | Reached XP level 4. HP: 24/24 MP: 3/8
  1418 | D:2      | Found a hide-covered altar of Uskayaw.
  1451 | D:2      | Noticed a hand axe
  1451 | D:2      | Noticed a dagger
  1638 | D:2      | Found a glowing silver altar of Zin.
  1639 | D:2      | Found Zin's Purification Station.
  1890 | D:3      | Found a snail-covered altar of Cheibriados.
  2103 | D:2      | Bought a potion of curing for 90 gold pieces
  2375 | D:3      | Found a sparkling altar of Nemelex Xobeh.
  2585 | D:3      | Found a basalt altar of Yredelemnul.
  2639 | D:3      | Found a white marble altar of Elyvilon.
  2804 | D:4      | Reached skill level 5 in Air Magic
  2806 | D:4      | Found a glowing drain.
  2815 | Sewer    | Entered a sewer
  2839 | Sewer    | Reached * piety under Qazlal
  2881 | Sewer    | Gained mutation: You can fly. [Tengu growth]
  2881 | Sewer    | Reached XP level 5. HP: 28/28 MP: 2/10
  3473 | Sewer    | Reached ** piety under Qazlal
  4570 | D:4      | Reached XP level 6. HP: 21/32 MP: 4/11
  4744 | D:4      | Noticed Sigmund
  4995 | D:5      | Entered Level 5 of the Dungeon
  5113 | D:5      | Reached skill level 1 in Invocations
  5374 | D:5      | You fall through a shaft for 3 floors!
  5381 | D:7      | Found an opulent altar of Gozag.
  6169 | D:5      | Found a blossoming altar of Fedhas.
  6176 | D:5      | Found a stormy altar of Qazlal.
  6282 | D:5      | Reached skill level 6 in Air Magic
  6282 | D:5      | Reached XP level 7. HP: 29/36 MP: 4/13
  6447 | D:5      | Found an iron altar of Okawaru.
  6531 | D:6      | Learned a level 4 spell: Airstrike
  6544 | D:6      | Noticed Prince Ribbit
  6643 | D:6      | Found an ornate altar of the Wu Jian Council.
  6835 | D:5      | HP: 1/36 [Prince Ribbit (13)]
  6836 | D:5      | Demolished by Prince Ribbit

Skill      XL: |  1  2  3  4  5  6 |
---------------+-------------------+-----
Conjurations   | 2 3 4 |  4.5
Dodging        | 3 4 |  4.2
Air Magic      | 5 6 |  6.1
Spellcasting   | 3 |  3.6
Invocations    | 1 |  1.6
Stealth        | |  2.0

Action                   |  1- 3 |  4- 6 |  7- 9 || total
-------------------------+-------+-------+-------++-------
Melee: Dagger            |    28 |    89 |     1 ||   118
       Kick              |     9 |    21 |       ||    30
       Peck              |     2 |     6 |       ||     8
 Cast: Shock             |    50 |   182 |     3 ||   235
       Static Discharge  |       |     1 |       ||     1
       Swiftness         |       |       |     1 ||     1
  Use: Scroll            |       |    11 |     3 ||    14
       Potion            |       |     1 |       ||     1
  Eat: Chunk             |     2 |    12 |       ||    14
       Ration            |       |     1 |     1 ||     2
Armor: Robe              |     6 |    19 |     1 ||    26
Dodge: Dodged            |    19 |    67 |     2 ||    88
Block: Other             |       |     7 |     1 ||     8
